 Dungeon Crawl Stone Soup version 0.28.0-47-ge53b351184 (webtiles) character file.

Game seed: 13312987078583323164

8358 Zeld the Zephyrmancer (level 11, -16/67 HPs)
             Began as a Tengu Air Elementalist on Apr 28, 2022.
             Was a Believer of Vehumet.
             Killed from afar by Erica (25 damage)
             ... with a lance of force
             ... on level 9 of the Dungeon.
             The game lasted 00:18:51 (19240 turns).

Zeld the Zephyrmancer (Tengu Air Elementalist)     Turns: 19240, Time: 00:18:52

Health: -16/67     AC:  5    Str: 10    XL:     11   Next: 29%
Magic:  6/23       EV: 17    Int: 19    God:    Vehumet [**....]
Gold:   181        SH:  0    Dex: 14    Spells: 14/24 levels left

rFire   . . .      SeeInvis .   e - +4 hand axe (venom)
rCold   . . .      Faith    .   (no shield)
rNeg    . . .      Spirit   .   a - +0 leather armour
rPois   .          Reflect  .   (helmet restricted)
rElec   .          Harm     .   C - +0 cloak
rCorr   .          Rampage  .   (no gloves)
Will    .....                   (boots unavailable)
Stlth   +++.......              (no amulet)
HPRegen 0.21/turn               x - ring of wizardry
MPRegen 0.18/turn               (no ring)

@: flying quickly and evasively, quick
A: beak, talons 3, nimble flight
a: Renounce Religion


You were on level 9 of the Dungeon.
You worshipped Vehumet.
Vehumet was pleased with you.
You visited 2 branches of the dungeon, and saw 10 of its levels.
You also visited: Ossuary.

You collected 367 gold pieces.
You spent 186 gold pieces at shops.

Inventory:

Hand Weapons
 e - a +4 hand axe of venom (weapon)
Armour
 a - a +0 leather armour (worn)
 C - a +0 cloak (worn)
Jewellery
 x - a ring of wizardry (left hand)
Wands
 j - a wand of iceblast (6)
 l - a wand of flame (29)
 B - a wand of charming (13)
 D - a wand of mindburst (12)
 E - a wand of paralysis (5)
Scrolls
 b - a scroll of magic mapping
 c - a scroll of brand weapon
 d - a scroll of amnesia
 h - a scroll of enchant armour
 i - 5 scrolls of blinking
 n - 3 scrolls of teleportation {unknown}
 s - 2 scrolls of summoning {unknown}
 t - a scroll of enchant weapon {unknown}
 w - a scroll of fog {unknown}
 y - a scroll of silence {unknown}
 G - a scroll of immolation {unknown}
Potions
 f - a potion of attraction {unknown}
 g - 6 potions of brilliance {unknown}
 k - 3 potions of haste {unknown}
 m - 2 potions of cancellation
 o - a potion of curing
 p - 3 potions of heal wounds {unknown}
 q - 3 potions of magic
 r - 2 potions of might
 u - 2 potions of ambrosia {unknown}
 v - a potion of berserk rage {unknown}
 z - 2 potions of mutation {unknown}
 A - a potion of resistance {unknown}
 F - a potion of degeneration {unknown}


   Skills:
 * Level 7.6 Fighting
 + Level 5.6 Armour
 + Level 6.4 Dodging
 + Level 6.2 Stealth
 * Level 7.4 Spellcasting
 + Level 7.2 Conjurations
 * Level 10.7 Air Magic
 + Level 1.1 Evocations


You had 14 spell levels left.
You knew the following spells:

 Your Spells              Type           Power      Damage    Failure   Level
a - Shock                 Conj/Air       100%       1d9       1%          1
b - Static Discharge      Conj/Air       41%        N/A       1%          2
c - Swiftness             Air            48%        N/A       1%          3
d - Airstrike             Air            24%        N/A       1%          4

Your spell library contained the following spells:

 Spells                   Type           Power      Damage    Failure   Level
 Ignite Poison            Fire/Tmut/Pois 7%         N/A       16%         3
 Foxfire                  Conj/Fire      80%        2x1d8     1%          1
 Poisonous Vapours        Pois/Air       54%        N/A       1%          2
 Sting                    Tmut/Pois      28%        1d4       5%          1
 Scorch                   Fire           14%        2d6       8%          2
 Lesser Beckoning         Tloc           7%         N/A       16%         3
 Portal Projectile        Hex/Tloc       14%        N/A       16%         3
 Olgreb's Toxic Radiance  Pois           7%         N/A       43%         4
 Summon Forest            Summ/Tloc      3%         N/A       77%         5
 Haunt                    Necr/Summ      3%         N/A       100%        7


Dungeon Overview and Level Annotations

Branches:
Dungeon (9/15)             Temple (1/1) D:4         Ossuary (visited)
   Lair: D:8-11         Orc: D:9-12

Altars:
Ashenzari
Cheibriados
Dithmenos
Elyvilon
Fedhas
Gozag
Hepliaklqana
Kikubaaqudgha
Makhleb
Nemelex Xobeh
Okawaru
Qazlal
Ru
Sif Muna
Trog
Uskayaw
Vehumet
Wu Jian
Xom
Yredelemnul
Zin
The Shining One

Shops:
D:3 *   D:5 :

Annotations:
D:6 2 transporters, exclusion: oklob plant, Atherized's ghost, novice MiBe
D:9 Erica


Innate Abilities, Weirdness & Mutations

You have a beak for a mouth.
You have claws for feet.
Your magical nature lets you fly swiftly and evasively.


Message History

You miss Erica. Your kick misses Erica. Your peck misses Erica.
Erica is severely wounded.
Erica hits you with a +2 scimitar of flaming!
Erica burns you. Erica closely misses you.
You bump into the rock wall.
Erica gestures wildly while chanting.
Erica flickers and vanishes!
Deactivating autopickup; reactivate with Ctrl-A.
You feel less confused.
You hear some strange, mumbled words.
Something tries to affect you, but you resist.
You hear some strange, mumbled words.
You are confused.
You bump into the rock wall.
You miss something. Your kick misses something. Your peck misses something.
You hear some strange, mumbled words.
Something tries to affect you, but you resist.
You're too confused to move!
You hear some strange, mumbled words.
A bolt of poison appears from out of thin air!
The bolt of poison misses you.
You miss something. You claw something.
You hear some strange, mumbled words.
A bolt of poison appears from out of thin air!
The bolt of poison hits you!
You are poisoned.
* * * LOW HITPOINT WARNING * * *
You are too confused!
Unknown command.
You feel better. Something hits you!
* * * LOW HITPOINT WARNING * * *
Something burns you.
* * * LOW HITPOINT WARNING * * *
You hear some strange, mumbled words.
Something tries to affect you, but you resist.
You hear some strange, mumbled words.
A lance of force appears from out of thin air!
The lance of force hits you!!
You die...

####.<.#######.##############
...#.).........# #.......#
#......#...##..# #.#####.#
...#.##.##.##..# ###.####
##.............# #......#
##......##.#...####{#.##....#
................##....#####.###
###........#......>#...........
#.....#####..#@..#...########
##...## ##.#.#####.# #...#
####.#...#...## #...#
#........#....#
####...####.##.##....##.....#
..................#..##.....#
...................)........#
..............#...#####.....#
####...####.####............#


There were no monsters in sight!

Vanquished Creatures
  2 two-headed ogres
  Joseph (D:9)
  Psyche (D:9)
  A kobold demonologist (D:5)
  A troll (D:9)
  Grinder (D:5)
  A hornet (D:9)
  Sigmund (D:5)
  A yak (D:6)
  Menkaure (D:7)
  3 water moccasins
  4 orc warriors
  5 sky beasts
  A black bear (D:7)
  3 ice beasts
  2 necrophages
  4 centaurs
  An ogre (D:5)
  Blork the orc (D:5)
  2 kobold brigands
  A phantom (D:4)
  5 bullfrogs
  5 scorpions
  A wyvern zombie (D:8)
  3 water moccasin zombies (Ossuary)
  A wyvern skeleton (D:7)
  A water moccasin skeleton (D:6)
  4 wights (D:8)
  4 killer bees (D:9)
  7 electric eels (D:6)
  A howler monkey (D:7)
  A bullfrog zombie (D:6)
  4 orc priests
  3 jellies
  A gnoll shaman (D:6)
  7 hounds
  4 centaur zombies
  A bullfrog skeleton (D:5)
  3 centaur skeletons
  4 iguanas
  A scorpion zombie (D:5)
  An orc wizard (D:8)
  A killer bee zombie (D:7)
  A hound skeleton (D:4)
  2 mummies (Ossuary)
  2 howler monkey zombies
  Robin (D:2)
  A howler monkey skeleton (D:4)
  9 gnolls
  6 adders
  A shadow imp (D:8)
  A white imp (D:8)
  An ufetubus (D:5)
  7 adder zombies
  An adder skeleton (D:4)
  2 dart slugs
  2 worms (D:2)
  30 orcs
  6 ball pythons
  11 bats
  10 endoplasms
  5 giant cockroaches
  21 goblins
  9 hobgoblins
  11 jackals
  2 quokkas (D:1)
  2 frilled lizards
  4 gnoll zombies (Ossuary)
  3 hobgoblin zombies (Ossuary)
  15 kobolds
  3 kobold zombies (Ossuary)
  3 orc zombies (Ossuary)
  8 rats
281 creatures vanquished.

Vanquished Creatures (others)
  15 plants (D:6)
  7 withered plants (D:3)
22 creatures vanquished.

Grand Total: 303 creatures vanquished

Notes
Turn   | Place    | Note
-------+----------+-------------------------------------------
     0 | D:1      | Zeld the Tengu Air Elementalist began the quest for the
                  | Orb.
     0 | D:1      | Reached XP level 1. HP: 10/10 MP: 4/4
   343 | D:1      | Reached XP level 2. HP: 14/16 MP: 3/6
   708 | D:1      | Reached XP level 3. HP: 20/20 MP: 7/7
   717 | D:1      | Learned a level 2 spell: Static Discharge
   721 | D:1      | Learned a level 3 spell: Swiftness
  1130 | D:1      | Reached skill level 1 in Fighting
  1880 | D:2      | Reached XP level 4. HP: 25/25 MP: 4/8
  1899 | D:2      | Reached skill level 1 in Armour
  2093 | D:2      | Noticed Robin
  2890 | D:2      | Killed Robin
  2891 | D:2      | Gained mutation: Your magical nature lets you fly swiftly
                  | and evasively. [Tengu growth]
  2891 | D:2      | Reached XP level 5. HP: 4/30 MP: 1/10
  3980 | D:3      | Found Kirraeh's General Store.
  3984 | D:3      | Bought a scroll of identify for 24 gold pieces
  4156 | D:3      | Got Weynitoy's Disquisition on Supportive Ignition
  4613 | D:3      | Found a faded altar of an unknown god.
  4690 | D:3      | Reached skill level 5 in Air Magic
  4945 | D:3      | Reached XP level 6. HP: 34/36 MP: 2/11
  5313 | D:4      | Found a sand-covered staircase.
  5317 | Ossuary  | Entered an ossuary
  5867 | Ossuary  | Learned a level 4 spell: Airstrike
  6132 | Ossuary  | Reached XP level 7. HP: 40/40 MP: 10/13
  6810 | D:4      | Found a staircase to the Ecumenical Temple.
  6834 | Temple   | Entered the Ecumenical Temple
  6985 | Temple   | Became a worshipper of Vehumet
  7508 | D:4      | Reached skill level 6 in Air Magic
  7708 | D:4      | Found a sparkling altar of Nemelex Xobeh.
  7745 | D:3      | Bought 3 scrolls of identify for 72 gold pieces
  7778 | D:5      | Entered Level 5 of the Dungeon
  8005 | D:5      | Noticed Blork the orc
  8009 | D:5      | Killed Blork the orc
  8104 | D:5      | Found Cuhuu's Book Shoppe.
  8257 | D:5      | Reached XP level 8. HP: 21/47 MP: 15/15
  8593 | D:3      | Bought a scroll of blinking for 90 gold pieces
  9103 | D:5      | Noticed Grinder
  9106 | D:5      | Killed Grinder
  9107 | D:5      | Reached skill level 7 in Air Magic
  9524 | D:5      | Noticed Sigmund
  9632 | D:5      | Noticed a kobold demonologist
  9651 | D:5      | Killed a kobold demonologist
  9789 | D:5      | Killed Sigmund
  9790 | D:5      | Reached skill level 5 in Spellcasting
  9790 | D:5      | Reached XP level 9. HP: 40/53 MP: 4/17
  9930 | D:5      | Noticed a two-headed ogre
 10163 | D:5      | Reached skill level 5 in Fighting
 10403 | D:5      | Reached skill level 5 in Conjurations
 10494 | D:5      | Reached * piety under Vehumet
 10494 | D:5      | Offered knowledge of Magic Dart by Vehumet.
 10877 | D:5      | Found Cuhuu's Book Shoppe.
 11186 | D:5      | Reached skill level 8 in Air Magic
 11582 | D:5      | Killed a two-headed ogre
 11993 | D:6      | Found a transporter.
 12039 | D:6      | Reached skill level 5 in Dodging
 12056 | D:6      | Noticed a two-headed ogre
 12501 | D:6      | Killed a two-headed ogre
 12502 | D:6      | Reached skill level 5 in Stealth
 12502 | D:6      | Reached skill level 9 in Air Magic
 12502 | D:6      | Reached XP level 10. HP: 60/60 MP: 2/20
 12609 | D:6      | Noticed a red ugly thing
 12699 | D:6      | Noticed Atherized's ghost (novice MiBe)
 12742 | D:6      | Found a transporter.
 13222 | D:6      | Found a blossoming altar of Fedhas.
 13241 | D:6      | Noticed an oklob plant
 14510 | D:7      | Noticed Menkaure
 14512 | D:7      | Killed Menkaure
 14916 | D:7      | Found a burning altar of Makhleb.
 15391 | D:7      | Reached ** piety under Vehumet
 15391 | D:7      | Offered knowledge of Freeze by Vehumet.
 15763 | D:7      | Reached skill level 5 in Armour
 16017 | D:7      | Reached skill level 10 in Air Magic
 17620 | D:8      | Reached XP level 11. HP: 67/67 MP: 10/22
 18357 | D:9      | Noticed Psyche
 18362 | D:9      | Killed Psyche
 18526 | D:9      | Offered knowledge of Ignite Poison by Vehumet.
 18762 | D:9      | Got Jidig's Catalogue of the Burning Traveller
 18773 | D:9      | Reached skill level 1 in Evocations
 19072 | D:9      | Noticed Joseph
 19087 | D:9      | Killed Joseph
 19219 | D:9      | Noticed Erica
 19240 | D:9      | Killed from afar by Erica

Illustrated notes

Levels and vault maps discovered:
D:1:      dpeg_arrival_arbitrary_b, layout_loops_corners
D:2:      layout_rooms, uniq_robin
D:3:      minmay_octagon_keep, layout_loops_ring,
          ebering_ecumenical_altar_petrified, serial_shops, nicolae_shop_crystal
D:4:      layout_cave_pools, nemelex_dance_club_becter,
          minmay_temple_entry_antechambers, enter_ossuary_5,
          minmay_misc_feat_tower, minmay_bent
D:5:      layout_cave_pods, serial_shops, nicolae_take_the_stairs,
          minmay_manual_mess, uniq_grinder, uniq_blork_the_orc, uniq_sigmund
D:6:      cheibrodos_two_vegetables, layout_cave_pools, tgw_fedhas,
          gammafunk_ghost_abyssal_escape, serial_bayou, serial_bayou_lagoon_a,
          serial_bayou_pond_e, serial_bayou_pond_c, serial_bayou_pond_b,
          minmay_liquid_box, grunt_decor_resistance
D:7:      layout_rooms, nicolae_overflow_crystal_walls,
          hangedman_abyss_or_decor_stabs, minmay_alternating_orb, uniq_menkaure
D:8:      layout_basic
D:9:      layout_loops_cross, uniq_joseph, uniq_erica, uniq_psyche
Temple:   mainiacjoe_temple_bowtie_tessellation

Skill      XL: |  1  2  3  4  5  6  7  8  9 10 11 |
---------------+----------------------------------+-----
Fighting       | 1 2 3 4 6 7 |  7.6
Conjurations   | 2 3 4 5 6 7 |  7.2
Armour         | 1 2 3 4 5 |  5.6
Spellcasting   | 3 4 5 6 7 |  7.4
Air Magic      | 5 6 7 9 10 | 10.7
Dodging        | 3 4 5 6 |  6.4
Stealth        | 3 4 5 6 |  6.2
Evocations     | 1 |  1.1

Action                   |  1- 3 |  4- 6 |  7- 9 | 10-12 || total
-------------------------+-------+-------+-------+-------++-------
Melee: Dagger            |    30 |   105 |       |       ||   135
       Kick              |     7 |    50 |    26 |    17 ||   100
       Peck              |     3 |    24 |    33 |    11 ||    71
       Punch             |       |     4 |       |     2 ||     6
       Hand axe          |       |    83 |   101 |    67 ||   251
 Cast: Shock             |    31 |    69 |    20 |    14 ||   134
       Swiftness         |     1 |     2 |       |       ||     3
       Static Discharge  |       |     3 |       |       ||     3
       Airstrike         |       |     1 |    52 |   188 ||   241
Evoke: Wand              |       |       |     7 |       ||     7
  Use: Scroll            |       |       |    10 |     2 ||    12
       Potion            |       |       |       |     1 ||     1
 Stab: Sleeping          |     8 |     4 |     4 |       ||    16
Armor: Robe              |     5 |    31 |    11 |     7 ||    54
       Leather armour    |       |       |       |     5 ||     5
Dodge: Dodged            |    39 |   193 |    93 |   103 ||   428
